 Seeded DCSS version 0.29.1-12-g30fa7ad0bf (webtiles) character file.

Game seed: 9845822215292249863 (custom seed)

34 OTABOTABOTAB the Conjurer (level 3, 19/19 HPs)
             Began as a Deep Elf Conjurer on Jan 10, 2023.
             Quit the game on level 1 of the Dungeon.
             The game lasted 00:01:47 (978 turns).

OTABOTABOTAB the Conjurer (Deep Elf Conjurer)        Turns: 978, Time: 00:01:47

Health: 19/19      AC:  2    Str:  6    XL:     3   Next: 14%
Magic:  10/10      EV: 12    Int: 22    God:
Gold:   1909       SH:  5    Dex: 13    Spells: 7/10 levels left

rFire   . . .      SeeInvis .   f - staff of conjuration
rCold   . . .      Faith    .   k - +2 buckler {reflect}
rNeg    . . .      Spirit   .   a - +0 robe
rPois   .          Reflect  +   (no helmet)
rElec   .          Harm     .   (no cloak)
rCorr   .          Rampage  .   (no gloves)
Will    +....                   (no boots)
Stlth   ++........              g - amulet of the acrobat
HPRegen 0.06/turn               W - ring of willpower
MPRegen 0.12/turn               (no ring)

@: no status effects
A: no striking features
a: no special abilities


You were on level 1 of the Dungeon.
You visited 1 branch of the dungeon, and saw 1 of its levels.

You collected 1909 gold pieces.

Inventory:

Missiles
 j - 5 poisoned darts
 s - 14 stones
Armour
 a - a +0 robe (worn)
 k - a +2 buckler of reflection (worn)
   (You acquired it on level 1 of the Dungeon)
Magical Staves
 f - a staff of conjuration (weapon)
   (You found it on level 1 of the Dungeon)
Jewellery
 g - an amulet of the acrobat (around neck)
   (You found it on level 1 of the Dungeon)
 W - a ring of willpower (left hand)
   (You found it on level 1 of the Dungeon)
Scrolls
 b - a scroll of teleportation {unknown}
 d - a scroll of identify {unknown}
 h - a scroll of amnesia {unknown}
Potions
 c - a potion of heal wounds {unknown}
 i - a potion of curing {unknown}
 M - 2 potions of magic


   Skills:
 - Level 2.4 Dodging
 - Level 2.4 Stealth
 + Level 4.1 Spellcasting
 + Level 5.0 Conjurations


You had 7 spell levels left.
You knew the following spells:

 Your Spells              Type           Power      Damage    Failure   Level
a - Magic Dart            Conj           100%       1d8       1%          1
b - Searing Ray           Conj           80%        2d7       2%          2

Your spell library contained the following spells:

 Spells                   Type           Power      Damage    Failure   Level
 Dazzling Flash           Conj/Hex       46%        N/A       16%         3
 Fulminant Prism          Conj/Hex       11%        3d9       47%         4
 Iskenderun's Mystic Bla  Conj/Tloc      23%        2d6       47%         4


Dungeon Overview and Level Annotations

Branches:
Dungeon (1/15)

Altars:


Message History

You reach to attack!
You hit the bat but do no damage. The bat misses you.
You reach to attack!
You closely miss the bat. The bat hits you but does no damage.
f - a staff of conjuration (weapon)
You feel a surge of power!
The magic dart hits the bat.
You kill the bat!
You now have 7/8 mp.
No target in view!
No target in view!
You see here a bat corpse.
Found a stone staircase leading down.
MP restored: 8 You drop a +0 spear.
You now have 20 gold pieces (gained 8).
A goblin comes into view. It is wielding a +0 dagger.
The goblin shouts!
You feel a surge of power!
The magic dart hits the goblin.
You now have 7/8 mp.
You feel a surge of power!
The magic dart hits the goblin.
You kill the goblin!
You now have 6/8 mp.
No target in view!
A bat comes into view.
A gnoll comes into view. It is wielding a +0 club.
The bat moves out of view.
You feel a surge of power!
The magic dart hits the gnoll.
The gnoll shouts!
You now have 5/8 mp.
Aim: a gnoll, wielding a +0 club (heavily wounded, 83% to hit)
You feel a surge of power!
The searing ray hits the gnoll!
You kill the gnoll! (Press . to maintain the ray.)
Your Spellcasting skill increases to level 4!
Your Conjurations skill increases to level 5!
You have reached level 3!
Your experience leads to an increase in your attributes!
Increase (s)trength, (i)ntelligence, or (d)exterity?
You feel stronger. x2
Health restored: 19 You now have 3/10 mp.
The searing ray hits the bat.
You kill the bat!
You now have 2/10 mp.
Things that are here:
a +0 club; a gnoll corpse You see here a +0 dagger.
You now have 31 gold pieces (gained 11).
You see here a +0 dagger.
c - a metallic pink potion MP restored: 10 An endoplasm comes into view.
An endoplasm is nearby!
You feel a surge of power!
The magic dart hits the endoplasm.
You now have 9/10 mp.
You feel a surge of power!
The magic dart hits the endoplasm.
You kill the endoplasm!
You now have 8/10 mp.
No target in view!
No target in view!
Found a stone staircase leading down.
MP restored: 10 No target in view!
e - 3 scrolls labelled VOSEFAQATU (gained 1)
A kobold comes into view. It is wielding a +0 whip.
A kobold is nearby!
A kobold is nearby!
You feel a surge of power!
The magic dart hits the kobold.
The kobold shouts!
The kobold throws a stone.
The stone hits you but does no damage.
You feel a surge of power!
The magic dart hits the kobold.
You kill the kobold!
You now have 8/10 mp.
No target in view!
No target in view!
s - 14 stones (gained 2)
Things that are here:
a +0 whip; a kobold corpse
There is a shaft here.
There is a stone staircase leading down here.
You open the door.
There is an open door here.
You open the door.
There is an open door here.
As you open the door, it creaks loudly!
MP restored: 10
There is an open door here.
Done exploring.
Done exploring.
Done exploring.
Done exploring.
This is a scroll of acquirement!
Something appears at your feet! Something appears at your feet!
k - a +2 buckler of reflection You now have 922 gold pieces (gained 891).
You start putting on your armour.
You continue putting on your +2 buckler of reflection. x4
You finish putting on your +2 buckler of reflection.
Something appears at your feet!
You now have 1909 gold pieces (gained

987). ######## #......# #......#
#......# ###......#
##########......#.###############
................@.....>##.......#
###.#....#.#.#.##.#..####.####.##
.##.#.##.#.#.#.÷....)# #.# #.#
....#.##.#.#.#.###.#.# #.# #.#
....#.##.#.#.####..#.# #.# #.#
..#.#.##.#.#..†).....# #.# #.#
..#.#.##.#.#####..#######.# #.#
..#.#.##.#.....[..........# #.#
..###.##.#...############## #.#


There were no monsters in sight!

Vanquished Creatures
  A gnoll (D:1)
  2 dart slugs (D:1)
  2 ball pythons (D:1)
  4 bats (D:1)
  2 endoplasms (D:1)
  A giant cockroach (D:1)
  2 goblins (D:1)
  2 kobolds (D:1)
  A quokka (D:1)
  A frilled lizard (D:1)
  A rat (D:1)
19 creatures vanquished.

Notes
Turn   | Place    | Note
-------+----------+-------------------------------------------
     0 | D:1      | OTABOTABOTAB the Deep Elf Conjurer began the quest for the
                  | Orb.
     0 | D:1      | Reached XP level 1. HP: 10/10 MP: 6/6
   285 | D:1      | Reached XP level 2. HP: 15/15 MP: 5/8
   292 | D:1      | Learned a level 2 spell: Searing Ray
   649 | D:1      | Reached skill level 4 in Spellcasting
   649 | D:1      | Reached skill level 5 in Conjurations
   649 | D:1      | Reached XP level 3. HP: 19/19 MP: 3/10
   968 | D:1      | Identified 3 scrolls of acquirement
   968 | D:1      | Acquired 891 gold pieces
   969 | D:1      | Acquired a +2 buckler of reflection
   976 | D:1      | Acquired 987 gold pieces
   978 | D:1      | Quit the game

Illustrated notes

Levels and vault maps discovered:
D:1:      giann_bridges, layout_basic

Skill      XL: |  1  2 |
---------------+-------+-----
Spellcasting   | 4 |  4.1
Conjurations   | 5 |  5.0
Dodging        | |  2.4
Stealth        | |  2.4

Action                   || total
-------------------------++-------
Melee: Spear             ||     7
 Cast: Magic Dart        ||    35
       Searing Ray       ||     1
  Use: Scroll            ||     3
Armor: Robe              ||     6
Dodge: Dodged            ||     5

Table legend: (Time is in decaauts)
 A = Elapsed time spent in this place.
 B = Non-inter-level travel time spent in this place.
 C = Inter-level travel time spent in this place.
 D = Time resting spent in this place.
 E = Time spent auto-exploring this place.
 F = Levels seen in this place.
 G = Mean time per level.
                   A        B        C        D        E       F      G
               +--------+--------+--------+--------+--------+-----+--------+
         Total |    977 |    977 |      0 |      0 |    881 |   1 |  977.0 |
       Dungeon |    977 |    977 |      0 |      0 |    881 |   1 |  977.0 |
               +--------+--------+--------+--------+--------+-----+--------+

Top non-repeatable levels by time:
     D:1: 977 daAuts

Table legend:
 A = Kills in this place as a percentage of kills in entire the game.
 B = Kills by you in this place as a percentage of kills by you in the entire game.
 C = Kills by friends in this place as a percentage of kills by friends in the entire game.
 D = Other kills in this place as a percentage of other kills in the entire game.
 E = Experience gained in this place as a percentage of experience gained in the entire game.
 F = Experience gained in this place divided by the number of levels of this place that you have seen.
                   A       B       C       D       E      F
               +-------+-------+-------+-------+-------+----------------------
         Total | 100.0 | 100.0 |   N/A |   N/A | 100.0 |  49.0
       Dungeon | 100.0 | 100.0 |   N/A |   N/A | 100.0 |  49.0
               +-------+-------+-------+-------+-------+----------------------
